 Dungeon Crawl Stone Soup version 0.30-a0-743-gbfdf073431 (webtiles) character file.

Game seed: 305567679135835183

38 Ajdolov the Sneak (level 3, 0/19 HPs)
             Began as a Vine Stalker Monk on Feb 5, 2023.
             Succumbed to an adder's poison
             ... on level 2 of the Dungeon.
             The game lasted 00:01:36 (908 turns).

Ajdolov the Sneak (Vine Stalker Monk)                Turns: 908, Time: 00:01:37

Health: 0/19       AC:  3    Str: 13    XL:     3   Next: 43%
Magic:  4/4        EV: 13    Int: 10    God:
Gold:   33         SH:  0    Dex: 18    Spells: 2/2 levels left

rFire   . . .      SeeInvis .    g - +0 dagger
rCold   . . .      Faith    .    (no shield)
rNeg    . . .      Spirit   +    b - +0 robe
rPois   .          Reflect  .    (no helmet)
rElec   .          Harm     .    (no cloak)
rCorr   .          Rampage  .    (no gloves)
Will    .....                    h - +0 pair of boots
Stlth   +                        (no amulet)
HPRegen 0.23/turn                (no ring)
MPRegen 0.09/turn                (no ring)

@: confused, mighty, lethally poisoned (0 -> -2), ambrosia-drunk
A: fangs 2, magic shield, antimagic bite, no potion heal 2
a: no special abilities


You were on level 2 of the Dungeon.
You visited 1 branch of the dungeon, and saw 2 of its levels.

You collected 33 gold pieces.

Inventory:

Hand Weapons
 a - a +0 short sword
 g - a +0 dagger (weapon)
Armour
 b - a +0 robe (worn)
 h - a +0 pair of boots (worn)
Scrolls
 d - a scroll of noise {unknown}
 e - 3 scrolls of identify {unknown}
 f - 4 scrolls of fear {unknown}
 i - a scroll of immolation {unknown}
 k - a scroll of butterflies {unknown}
Potions
 j - a potion of might


   Skills:
 - Level 2.6 Fighting
 + Level 3.1 Short Blades
 - Level 2.4 Dodging
 * Level 4.2 Stealth


You had 2 spell levels left.
You didn't know any spells.
Your spell library contained the following spells:

 Spells                   Type           Power      Damage    Failure   Level
 Dazzling Flash           Conj/Hex       0%         N/A       75%         3
 Iskenderun's Mystic Bla  Conj/Tloc      0%         2d3       98%         4
 Starburst                Conj/Fire      0%         6d3       100%        6


Dungeon Overview and Level Annotations

Branches:
Dungeon (2/15)

Altars:

Shops:
D:1 :

Annotations:
D:2 Terence


Innate Abilities, Weirdness & Mutations

You have extremely sharp teeth.
When hurt, damage is shared between your health and your magic reserves.
Your bite disrupts and absorbs the magic of your enemies.
Potions cannot restore your health.


Message History

You miss the adder. You bite the adder, but do no damage.
The adder is heavily wounded.
The adder barely misses you.
You miss the adder. You bite the adder. You drain its power.
The adder is almost dead.
The adder bites you but does no damage.
You barely miss the adder. You bite the adder, but do no damage.
The adder is almost dead.
The adder bites you.
You are poisoned.
The adder poisons you!
You miss the adder. Your bite misses the adder.
The adder is almost dead.
You feel sick. The adder bites you.
You are more poisoned.
The adder poisons you!
You hit the adder. You bite the adder, but do no damage.
The adder is almost dead.
You feel sick. The adder bites you.
You are lethally poisoned!
The adder poisons you!
You miss the adder.
The adder is almost dead.
You feel sick. The adder bites you but does no damage.
You barely miss the adder. You bite the adder.
You kill the adder!
You feel sick.
* * * LOW HITPOINT WARNING * * *
You feel sick.
* * * LOW HITPOINT WARNING * * *
You feel sick.
It was a potion of might.
You feel very mighty all of a sudden.
* * * LOW HITPOINT WARNING * * *
You feel sick.
You are confused.
Your system rejects the healing.
You feel invigorated.
* * * LOW HITPOINT WARNING * * *
You feel sick.
You die...

# # ##############
#
#............######
+............'....'
#.@..........######
############## # #
. ### .###..


There were no monsters in sight!

Vanquished Creatures
  An adder (D:2)
  A worm (D:2)
  A dart slug (D:1)
  2 endoplasms (D:1)
  A giant cockroach (D:1)
  3 hobgoblins (D:1)
  A quokka (D:1)
  2 ball pythons
  4 bats
  2 frilled lizards (D:1)
  5 kobolds
  4 rats (D:1)
27 creatures vanquished.

Notes
Turn   | Place    | Note
-------+----------+-------------------------------------------
     0 | D:1      | Ajdolov the Vine Stalker Monk began the quest for the Orb.
     0 | D:1      | Reached XP level 1. HP: 11/11 MP: 2/2
    42 | D:1      | Found a faded altar of an unknown god.
    75 | D:1      | Reached skill level 3 in Stealth
   145 | D:1      | Reached XP level 2. HP: 16/16 MP: 3/3
   612 | D:1      | Found Somypri's Book Shop.
   692 | D:2      | Reached XP level 3. HP: 18/19 MP: 4/4
   721 | D:2      | Noticed Terence
   859 | D:2      | Reached skill level 4 in Stealth
   908 | D:2      | Succumbed to an adder's poison

Illustrated notes

Levels and vault maps discovered:
D:1:      saegor_arrival_simple_a, layout_loops_ring, basic_ecumenical_altar,
          serial_shops, nicolae_shop_stone
D:2:      layout_basic, uniq_terence, uniq_robin

Skill      XL: |  1  2  3 |
---------------+----------+-----
Stealth        | 3 4 |  4.2
Short Blades   | 3 |  3.1
Fighting       | |  2.6
Dodging        | |  2.4

Action                     || total
---------------------------++-------
  Melee: Short sword       ||    38
         Bite              ||    21
         Dagger            ||    31
         Punch             ||     2
    Use: Potion            ||     2
   Stab: Sleeping          ||     8
 Armour: Robe              ||     9
  Dodge: Dodged            ||    29

Table legend: (Time is in decaauts)
 A = Elapsed time spent in this place.
 B = Non-inter-level travel time spent in this place.
 C = Inter-level travel time spent in this place.
 D = Time resting spent in this place.
 E = Time spent auto-exploring this place.
 F = Levels seen in this place.
 G = Mean time per level.
                   A        B        C        D        E       F      G
               +--------+--------+--------+--------+--------+-----+--------+
         Total |    897 |    796 |    101 |      0 |    597 |   2 |  448.5 |
       Dungeon |    897 |    796 |    101 |      0 |    597 |   2 |  448.5 |
               +--------+--------+--------+--------+--------+-----+--------+

Top non-repeatable levels by time:
     D:1: 740 daAuts
     D:2: 156 daAuts
